 Dungeon Crawl Stone Soup version 0.17.0-24-gcfadda4 (console) character file.

187 Kloppie the Ducker (level 5, -25/49 HPs)
             Began as a Deep Dwarf Venom Mage on Nov 15, 2015.
             Killed from afar by a goblin (34 damage)
             ... with an exploding inner flame
             ... led by Robin
             ... hexed by the player character
             ... on level 4 of the Dungeon.
             The game lasted 00:07:58 (2899 turns).

Kloppie the Ducker (Deep Dwarf Venom Mage)          Turns: 2899, Time: 00:07:58

Health: -25/49     AC:  6    Str: 12    XL:     5   Next: 39%
Magic:  7/7        EV: 12    Int: 16    God:
Gold:   118        SH:  0    Dex: 13    Spells: 1 memorised, 6 levels left

rFire  . . .     SeeInvis .     e - +0 mace
rCold  . . .     Clarity  .     f - +0 ring mail (curse)
rNeg   . . .     SustAt   .     (no shield)
rPois  .         Gourm    .     r - +0 helmet
rElec  .         Spirit   .     (no cloak)
rCorr  .         Warding  .     (no gloves)
rMut   .         Stasis   .     (no boots)
MR     .....                    (no amulet)
Stlth  +.........               (no ring)
                                (no ring)

@: non-regenerating, not resistant to hostile enchantments, very unstealthy
A: damage resistance, recharge devices, sense surroundings 1, slow regeneration
3
a: Device Recharging


You were on level 4 of the Dungeon.
You were not hungry.

You visited 1 branch of the dungeon, and saw 5 of its levels.

You collected 118 gold pieces.

Inventory:

Hand Weapons
 e - a +0 mace (weapon)
Missiles
 n - 11 poisoned needles
Armour
 a - a +0 robe
 f - a cursed +0 ring mail (worn)
 i - a +0 leather armour
 r - a +0 helmet (worn)
Wands
 c - a wand of heal wounds (1)
Scrolls
 g - a scroll of immolation
 h - a scroll of fog {unknown}
 j - 5 scrolls of teleportation {unknown}
 k - a scroll of amnesia {unknown}
 l - 3 scrolls of identify {unknown}
 p - a scroll of random uselessness {unknown}
Potions
 m - a potion of haste {unknown}
 o - a potion of agility {unknown}
 q - a potion of curing {unknown}
Books
 b - a Young Poisoner's Handbook

   Spells                             Type                      Level
   a - Sting                          Conjuration/Poison           1
   b - Cure Poison                    Poison                       2
   c - Mephitic Cloud                 Conjuration/Poison/Air       3
   d - Olgreb's Toxic Radiance        Poison                       4
   e - Venom Bolt                     Conjuration/Poison           5
Comestibles
 d - 2 bread rations
 s - a chunk of flesh


   Skills:
 + Level 3.1 Fighting
 + Level 4.7 Dodging
 - Level 2.4 Stealth
 - Level 1.7 Spellcasting
 - Level 3.2 Poison Magic


You had 6 spell levels left.
You knew the following spells:

 Your Spells              Type           Power        Failure   Level  Hunger
a - Sting                 Conj/Pois      #...         24%         1    ##.....


Dungeon Overview and Level Annotations

Branches:
Dungeon (5/15)
 Temple: D:4-7

Altars:
Dithmenos
Qazlal
Zin
The Shining One

Annotations:
D:3 Ijyb
D:4 Mandevil's ghost, amateur VSCj; Robin; Sigmund


Innate Abilities, Weirdness & Mutations

You are resistant to damage.
You can recharge devices by infusing magical energy.
You passively map a small area around you.
You do not regenerate naturally.


Message History

The goblin wields an uncursed club.
The goblin completely misses you. The hobgoblin barely misses you.
Robin throws the goblin at you! The goblin misses you.
Read which item? (? for menu, Esc to quit)
As you read the scroll labeled YPLOSI BEITHUR, it crumbles to dust.
The creatures around you are filled with an inner flame!
It was a scroll of immolation.
The hobgoblin barely misses you. The goblin closely misses you.
Robin roars a battlecry!
The goblin hits you but does no damage. The goblin misses you.
You closely miss the goblin.
The hobgoblin hits you but does no damage.
The goblin hits you but does no damage. The goblin closely misses you.
The goblin hits you.
The hobgoblin hits you but does no damage.
You hit the goblin.
The goblin explodes!
The fiery explosion engulfs you!
Ouch! That really hurt!
You die...

* #..# #.. #.##
.. #.# #.# #.#
#.. * ##.#####
* #.. ,
##...#... , *
## ,
###.#W#..###.#*
*###
#....ggg§§...#
#8.
#...#.#@####
##..
######..#ggg##
#8..
<.......(ggg##
* ##..
#######.g#### *
#8. * #..# ** ,
##.) , .g...
#8.. , ..gg.##
** ** ##..
,....g.g# #8.
*.##...g# * ###


You could see Mandevil's ghost (inner flame), 2 gnolls, 2 hobgoblins and 6
goblins.

Vanquished Creatures
  A scorpion (D:5)
  A jelly (D:5)
  A giant frog skeleton (D:5)
  A worker ant zombie (D:5)
  An adder (D:2)
  A shadow imp (D:5)
  An adder skeleton (D:5)
  A worm (D:2)
  3 giant geckos
  2 giant cockroaches
  2 goblins (D:1)
  6 hobgoblins
  4 kobolds
  A quokka (D:5)
  12 bats
  2 giant newts (D:1)
  4 rats
44 creatures vanquished.

Notes
Turn   | Place    | Note
--------------------------------------------------------------
     0 | D:1      | Kloppie the Deep Dwarf Venom Mage began the quest for the Orb.
     0 | D:1      | Reached XP level 1. HP: 15/15 MP: 3/3
   108 | D:1      | Reached skill level 1 in Fighting
   158 | D:1      | Reached XP level 2. HP: 20/25 MP: 0/4
  1215 | D:2      | Found a glowing golden altar of the Shining One.
  1432 | D:2      | Reached XP level 3. HP: 25/32 MP: 0/5
  1864 | D:3      | Found a glowing silver altar of Zin.
  2263 | D:3      | Noticed Ijyb
  2292 | D:4      | Noticed Sigmund
  2314 | D:5      | Entered Level 5 of the Dungeon
  2391 | D:5      | Found a shadowy altar of Dithmenos.
  2438 | D:4      | Found a stormy altar of Qazlal.
  2479 | D:5      | Reached XP level 4. HP: 15/39 MP: 6/6
  2492 | D:5      | Reached skill level 4 in Dodging
  2678 | D:5      | Noticed a scorpion
  2700 | D:5      | Killed a scorpion
  2700 | D:5      | Reached XP level 5. HP: 23/49 MP: 5/7
  2842 | D:4      | Noticed Mandevil's ghost (amateur VSCj)
  2888 | D:4      | Noticed Robin
  2899 | D:4      | Killed from afar by a goblin

Action                   |  1- 3 |  4- 6 || total
-------------------------+-------+-------++-------
Melee: Mace              |    91 |    60 ||   151
       Unarmed           |     5 |       ||     5
 Cast: Sting             |    52 |     1 ||    53
Evoke: Wand              |     1 |     3 ||     4
  Use: Scroll            |       |     1 ||     1
  Eat: Chunk             |     5 |       ||     5
       Beef jerky        |     1 |     1 ||     2
